 Dungeon Crawl Stone Soup version 0.27-a0-1149-g4505690ab0 (webtiles) character file.

Game seed: 10304610752873494947

99 leviel the Skirmisher (level 4, -7/41 HPs)
             Began as a Minotaur Monk on May 13, 2021.
             Was a Priest of Dithmenos.
             Mangled by an orc warrior
             ... wielding a +0 glaive
              (11 damage)
             ... on level 3 of the Dungeon.
             The game lasted 00:02:40 (2239 turns).

leviel the Skirmisher (Minotaur Monk)               Turns: 2239, Time: 00:02:40

Health: -7/41      AC:  9    Str: 17    XL:     4   Next: 45%
Magic:  3/3        EV: 10    Int:  7    God:    Dithmenos [***...]
Gold:   125        SH:  0    Dex: 12    Spells: 3/3 levels left

rFire    . . .     SeeInvis .   d - +0 dagger (protect)
rCold    . . .     Faith    .   (no shield)
rNeg     . . .     Spirit   .   b - +0 robe
rPois    .         Reflect  .   (helmet restricted)
rElec    .         Harm     .   (no cloak)
rCorr    +         Rampage  .   (no gloves)
Will     .....                  (no boots)
Stlth    +++.......             (no amulet)
HPRegen  0.13/turn              f - ring of resist corrosion
MPRegen  0.08/turn              (no ring)

@: under a protective aura, wreathed by umbra, constricted
A: horns 2, retaliatory headbutt
a: Renounce Religion, Shadow Step


You were on level 3 of the Dungeon.
You worshipped Dithmenos.
Dithmenos was most pleased with you.
You visited 1 branch of the dungeon, and saw 3 of its levels.

You collected 125 gold pieces.

Inventory:

Hand Weapons
 d - a +0 dagger of protection (weapon)
Armour
 b - a +0 robe (worn)
Jewellery
 f - a ring of resist corrosion (left hand)
 g - a ring of wizardry
 j - a ring of willpower
Scrolls
 e - a scroll of torment {unknown}
 i - a scroll of identify {unknown}
Potions
 a - a potion of curing
 c - a potion of brilliance {unknown}
 h - a potion of attraction {unknown}
 k - a potion of invisibility {unknown}


   Skills:
 + Level 4.4 Fighting
 + Level 1.1 Short Blades
 - Level 4.2 Axes
 + Level 4.1 Dodging
 * Level 2.4 Stealth


You had 3 spell levels left.
You didn't know any spells.
Your spell library was empty.

Dungeon Overview and Level Annotations

Branches:
Dungeon (3/15)

Altars:
Dithmenos
Elyvilon
Makhleb
Nemelex Xobeh
Sif Muna
Uskayaw
Vehumet

Shops:
D:1 [


Innate Abilities, Weirdness & Mutations

You have a pair of horns on your head.
You reflexively headbutt those who attack you in melee.


Message History

An orc warrior is nearby!
An orc warrior is nearby!
The orc warrior shouts!
Found a sparkling altar of Nemelex Xobeh.
It was a potion of curing.
You feel better. The orc warrior completely misses you.
Found a stone staircase leading down.
The ball python hisses angrily.
The orc shouts!
You hit the orc warrior.
Your weapon exudes an aura of protection.
You headbutt the orc warrior!
The orc warrior is moderately wounded.
The orc warrior hits you with a +0 glaive!
You hit the orc warrior but do no damage.
Your headbutt misses the orc warrior.
The orc warrior is moderately wounded.
The orc warrior closely misses you. You furiously retaliate!
You headbutt the orc warrior. You hit the orc warrior.
You headbutt the orc warrior, but do no damage.
The orc warrior is heavily wounded.
The orc warrior closely misses you. You furiously retaliate!
You headbutt the orc warrior! The orc barely misses you.
You barely miss the orc warrior.
The orc warrior is severely wounded.
The orc warrior hits you but does no damage.
The ball python barely misses you. The ball python grabs you.
The ball python constricts you. The orc barely misses you.
You hit the ball python.
The ball python is severely wounded.
The orc warrior hits you with a +0 glaive!
The ball python bites you but does no damage.
The ball python constricts you. The orc hits you with a +0 flail!
* * * LOW HITPOINT WARNING * * *
You are too injured to fight recklessly!
You are too injured to fight recklessly!
You hit the orc warrior.
The orc warrior is severely wounded.
The orc warrior hits you with a +0 glaive!
You die...

## #.. ########### #...
#..[......#
.....#.........# #####
......o........#####..)#
......o@...........'..)'
..._...S.......#####..)#
..........###### #...#
.._..8.._... #...#
>......$..... #####
##._..._......#
#......./....#
###..........# #......


You could see an orc warrior, an orc and a ball python.

Vanquished Creatures
  An orc wizard (D:3)
  2 adders (D:2)
  2 dart slugs
  5 orcs
  5 bats
  5 endoplasms
  2 giant cockroaches
  6 goblins
  5 hobgoblins
  3 kobolds (D:2)
  2 quokkas
  2 ball pythons (D:2)
  A frilled lizard (D:2)
  2 rats (D:2)
43 creatures vanquished.

Notes
Turn   | Place    | Note
-------+----------+-------------------------------------------
     0 | D:1      | leviel the Minotaur Monk began the quest for the Orb.
     0 | D:1      | Reached XP level 1. HP: 19/19 MP: 0/0
   103 | D:1      | Found a faded altar of an unknown god.
   114 | D:1      | Became a worshipper of Dithmenos the Shadowed
   114 | D:1      | Reached * piety under Dithmenos
   114 | D:1      | Reached ** piety under Dithmenos
   349 | D:1      | Reached XP level 2. HP: 27/27 MP: 1/1
   452 | D:1      | Found Ohesan's Armour Shop.
   777 | D:1      | Reached *** piety under Dithmenos
  1368 | D:2      | Reached XP level 3. HP: 30/33 MP: 2/2
  1393 | D:2      | Found a burning altar of Makhleb.
  1745 | D:2      | Reached XP level 4. HP: 41/41 MP: 3/3
  2062 | D:3      | Found a shimmering blue altar of Sif Muna.
  2062 | D:3      | Found a radiant altar of Vehumet.
  2063 | D:3      | Found a hide-covered altar of Uskayaw.
  2067 | D:3      | Found a white marble altar of Elyvilon.
  2067 | D:3      | Found a shadowy altar of Dithmenos.
  2067 | D:3      | Noticed an orc warrior
  2100 | D:3      | Reached skill level 1 in Short Blades
  2230 | D:3      | Found a sparkling altar of Nemelex Xobeh.
  2239 | D:3      | Mangled by an orc warrior

Illustrated notes

Levels and vault maps discovered:
D:1:      tarquinn_simple_flora_water_b, layout_basic, serial_shops, shop,
          ebering_ecumenical_altar_ruins
D:2:      layout_loops_ring, basic_altar, hex_tiny, guppyfry_early_orc_mine
D:3:      layout_basic, grunt_temple_overflow_open, hangedman_decor_growths

Skill      XL: |  1  2  3  4 |
---------------+-------------+-----
Axes           | 4 |  4.2
Fighting       | 4 |  4.4
Stealth        | 2 |  2.4
Dodging        | 4 |  4.1
Short Blades   | 1 |  1.1

Action                   |  1- 3 |  4- 6 || total
-------------------------+-------+-------++-------
Melee: Hand axe          |    15 |       ||    15
       Headbutt          |    12 |     5 ||    17
       Dagger            |    96 |    20 ||   116
  Use: Scroll            |     1 |       ||     1
       Potion            |       |     1 ||     1
 Stab: Sleeping          |     5 |     1 ||     6
Armor: Robe              |    28 |     8 ||    36
Dodge: Dodged            |   108 |    17 ||   125

Table legend: (Time is in decaauts)
 A = Elapsed time spent in this place.
 B = Non-inter-level travel time spent in this place.
 C = Inter-level travel time spent in this place.
 D = Time resting spent in this place.
 E = Time spent auto-exploring this place.
 F = Levels seen in this place.
 G = Mean time per level.
                   A        B        C        D        E       F      G
               +--------+--------+--------+--------+--------+-----+--------+
         Total |   2236 |   2176 |     60 |    107 |   1765 |   3 |  745.3 |
       Dungeon |   2236 |   2176 |     60 |    107 |   1765 |   3 |  745.3 |
               +--------+--------+--------+--------+--------+-----+--------+

Top non-repeatable levels by time:
     D:1: 1152 daAuts
     D:2: 842 daAuts
     D:3: 241 daAuts
